AoeStats
← "Go banana"

Arabia

509249617Analyzed
2v2 RM · 5d ago on Sep 26, 2026· 37m 45s· 4 players
Game mode
Random Map
Map size
Medium (4 player)
Population
200
Speed
Normal
Resources
Standard
Victory
Conquest
Starting age
Dark Age
Ending age
Imperial Age
RankedLock teamsTeams togetherTeam positionsShared explorationLock speedFull tech treeHidden civsTurbo modeCheats
Victory
Defeat
🇺🇸 Ethiopians · United States
1086
+14
🇺🇸 Saracens · United States
1047
+15
🇦🇷 Bulgarians · Argentina
1057
-15
🇲🇽 Saxons · Mexico
1017
-14
"Go banana"
7:22 Loom
9:52 Feudal Age
10:44 Horse Collar
10:55 Double-Bit Axe
20:32 Castle Age
20:16 Wheelbarrow
22:16 Bloodlines
23:24 Scale Barding Armor
23:29 Forging
26:06 Bow Saw
27:10 Fletching
31:02 Husbandry
34:13 Chain Barding Armor
38:16 Imperial Age
PorkysFineMeats
7:01 Loom
9:40 Feudal Age
10:07 Double-Bit Axe
12:36 Fletching
24:08 Castle Age
22:52 Horse Collar
24:10 Crossbowman
26:27 Stone Mining
33:14 Bodkin Arrow
36:26 Imperial Age
34:35 Wheelbarrow
35:42 Padded Archer Armor
36:28 Bow Saw
36:35 Arbalester
37:24 Thumb Ring
37:21 Bracer
37:37 Leather Archer Armor
37:45 Ballistics
37:26 Gold Mining
LvT | lixdicna
10:42 Feudal Age
12:11 Double-Bit Axe
14:11 Loom
17:33 Gold Mining
22:26 Castle Age
26:27 Wheelbarrow
26:17 Horse Collar
BP MonoSimon
7:19 Loom
9:31 Feudal Age
10:11 Double-Bit Axe
16:53 Horse Collar
22:47 Castle Age
23:13 Elite Skirmisher
23:59 Thumb Ring
23:57 Gambesons
24:13 Squires
26:26 Fletching
26:48 Forging
26:39 Scale Mail Armor
29:15 Pikeman
Connection lost

Rejoining the realm…

Still unreachable

The connection could not be restored.

Session expired

The server has moved on; the page needs a fresh start.